 Dungeon Crawl Stone Soup version 0.28-a0-895-g6e5f11bd55 (webtiles) character file.

Game seed: 12837294353034901530

147 horus123 the Skirmisher (level 5, 0/47 HPs)
             Began as a Hill Orc Fighter on Nov 22, 2021.
             Was an Initiate of Beogh.
             Slain by an orc warrior (12 damage)
             ... on level 6 of the Dungeon.
             The game lasted 00:04:10 (2377 turns).

horus123 the Skirmisher (Hill Orc Fighter)          Turns: 2377, Time: 00:04:10

Health: 0/47       AC:  8    Str: 20    XL:     5   Next: 29%
Magic:  5/5        EV:  7    Int:  8    God:    Beogh [......]
Gold:   215        SH:  8    Dex: 10    Spells: 4/4 levels left

rFire   . . .      SeeInvis .   a - +1 long sword
rCold   . . .      Faith    .   n - +0 kite shield
rNeg    . . .      Spirit   .   b - +0 scale mail
rPois   .          Reflect  .   (no helmet)
rElec   .          Harm     .   (no cloak)
rCorr   .          Rampage  .   (no gloves)
Will    .....                   r - +0 pair of boots
Stlth   ..........              k - amulet of the acrobat
HPRegen 0.15/turn               (no ring)
MPRegen 0.09/turn               (no ring)

@: fire susceptible
A: no striking features
a: Renounce Religion


You were on level 6 of the Dungeon.
You worshipped Beogh.
Beogh was noncommittal.
You visited 1 branch of the dungeon, and saw 5 of its levels.

You collected 215 gold pieces.

Inventory:

Hand Weapons
 a - a +1 long sword (weapon)
 f - a +7 short sword of speed
Missiles
 e - a throwing net (quivered)
Armour
 b - a +0 scale mail (worn)
 c - a +0 buckler
 n - a +0 kite shield (worn)
 r - a +0 pair of boots (worn)
Jewellery
 k - an amulet of the acrobat (around neck)
 o - a ring of ice
Wands
 v - a wand of charming (10)
Scrolls
 i - 2 scrolls of magic mapping
 m - 2 scrolls of summoning
 t - a scroll of amnesia
 w - a scroll of teleportation {unknown}
Potions
 d - 2 potions of might
 g - a potion of lignification
 h - a potion of brilliance {unknown}
 j - 4 potions of attraction {unknown}
 l - a potion of heal wounds {unknown}
 p - a potion of invisibility {unknown}
 q - a potion of degeneration {unknown}
 s - a potion of curing {unknown}
 u - a potion of haste {unknown}


   Skills:
 + Level 4.5 Fighting
 + Level 1.4(2.3) Short Blades
 + Level 2.9(3.2) Long Blades
 + Level 4.4 Armour
 + Level 0.5 Dodging
 + Level 0.1 Stealth
 + Level 3.8 Shields


You had 4 spell levels left.
You didn't know any spells.
Your spell library contained the following spells:

 Spells                   Type           Power      Damage    Failure   Level
 Animate Skeleton         Necr           0%         N/A       99%         1
 Apportation              Tloc           0%         N/A       99%         1
 Summon Small Mammal      Summ           0%         N/A       99%         1
 Ignite Poison            Fire/Tmut/Pois 0%         N/A       100%        3
 Mephitic Cloud           Conj/Pois/Air  0%         N/A       100%        3
 Freezing Cloud           Conj/Ice/Air   0%         6-21      100%        5


Dungeon Overview and Level Annotations

Branches:
Dungeon (4/15)             Temple (0/1) D:4

Altars:
Okawaru
Ignis

Shops:
D:1 =


Message History

Deactivating autopickup; reactivate with Ctrl-A.
You block something's attack.
An orc wizard comes into view. It is wielding a +0 dagger.
An orc comes into view. It is wielding a +3 war axe.
The orc wizard gestures at you while chanting.
An orc warrior comes into view. It is wielding a +0 short sword.
The orc warrior shouts!
You hear a shout!
You hear some strange, mumbled words.
You are confused.
An orc priest comes into view. It is wielding a +0 mace.
You're too confused to move!
The orc wizard gestures at you while chanting.
You resist with some effort.
You hear some strange, mumbled words.
A puff of flame appears from out of thin air!
The puff of flame hits you.
The orc priest mumbles some strange prayers to Beogh against you.
Beogh smites you!
* * * LOW HITPOINT WARNING * * *
An orc wizard comes into view. It is wielding a +0 dagger.
The orc wizard shouts!
The orc warrior closely misses you.
An orc comes into view. It is wielding a +0 short sword.
You feel less confused.
The orc wizard gestures at you while chanting.
The magic dart hits you.
* * * LOW HITPOINT WARNING * * *
The orc priest invokes the aid of Beogh against you.
You barely resist.
The orc wizard gestures at you while chanting.
Something hits you but does no damage.
You hear a shout!
Unknown command.
The orc wizard gestures wildly while chanting.
The orc wizard flickers and vanishes!
The orc priest barely misses you.
There is a stone staircase leading up here.
The orc priest hits you with a +0 mace.
* * * LOW HITPOINT WARNING * * *
The orc warrior hits you with a +0 short sword!
You die...
Beogh appreciates the orc warrior's killing of a heretic priest.

#.....#......#
..#.....#......#
..#+###.#...o..######
#.... #.###...........
#.... #...#...........
#.....#...'...........
#.....#####......(....
#..oo.....#+######
+..@.o....#
#.........#
#....o....#
######....o. #.......
#........ #........
###


You could see an orc warrior, an orc priest, 2 orc wizards and an orc.

Vanquished Creatures
  A hound (D:3)
  Natasha (twice) (D:3)
  2 adders
  5 orcs (D:4)
  3 endoplasms
  2 giant cockroaches (D:1)
  5 goblins
  5 hobgoblins
  3 jackals (D:1)
  3 kobolds
  4 quokkas
  A ball python (D:2)
  3 bats
  2 frilled lizards (D:1)
  7 rats
48 creatures vanquished.

Notes
Turn   | Place    | Note
-------+----------+-------------------------------------------
     0 | D:1      | horus123 the Hill Orc Fighter began the quest for the Orb.
     0 | D:1      | Reached XP level 1. HP: 19/19 MP: 1/1
    76 | D:1      | Reached XP level 2. HP: 21/27 MP: 2/2
   422 | D:1      | Found Udipe's Jewellery Emporium.
   857 | D:2      | Reached XP level 3. HP: 24/33 MP: 3/3
  1101 | D:3      | Found a faded altar of an unknown god.
  1124 | D:3      | Prayed at the altar of an unknown god.
  1124 | D:3      | Became a worshipper of Ignis, the Dying Flame
  1193 | D:3      | Reached XP level 4. HP: 35/40 MP: 4/4
  1410 | D:3      | Noticed Natasha
  1417 | D:3      | Killed Natasha
  1418 | D:3      | Reached skill level 1 in Short Blades
  1678 | D:3      | Noticed Natasha
  1684 | D:3      | Killed Natasha
  1685 | D:3      | Reached XP level 5. HP: 43/46 MP: 5/5
  1788 | D:4      | Found an iron altar of Okawaru.
  1903 | D:4      | Found a staircase to the Ecumenical Temple.
  2245 | D:4      | Fell from the grace of Ignis
  2245 | D:4      | Became a worshipper of Beogh the Brigand
  2317 | D:4      | You fall into a shaft and drop 2 floors!
  2365 | D:6      | Noticed an orc warrior
  2377 | D:6      | Slain by an orc warrior

Illustrated notes

Levels and vault maps discovered:
D:1:      denvon_arrival_waterhouse, layout_rooms, serial_shops,
          nicolae_shop_crystal, patterned_corridor
D:2:      layout_basic, chequers_serial_rivers_small_b
D:3:      layout_rooms, dreamdust_ecumenical_altar_statues, uniq_natasha
D:4:      layout_basic, okawaru_trees_2, minmay_temple_entry_purple_smoke
D:6:      layout_gridville

Skill      XL: |  1  2  3  4 |
---------------+-------------+-----
Armour         | 4 |  4.4
Fighting       | 4 |  4.5
Short Blades   | 1 |  1.4
Long Blades    | |  2.9
Dodging        | |  0.5
Stealth        | |  0.1
Shields        | |  3.8

Action                   |  1- 3 |  4- 6 || total
-------------------------+-------+-------++-------
Melee: Long sword        |    24 |     6 ||    30
       Short sword       |    46 |    37 ||    83
Invok: Convert to Beogh  |       |     1 ||     1
  Use: Scroll            |     2 |     4 ||     6
Armor: Scale mail        |    23 |    13 ||    36
Dodge: Dodged            |    30 |    11 ||    41
Block: Buckler           |    12 |     2 ||    14
       Kite shield       |       |     9 ||     9

Table legend: (Time is in decaauts)
 A = Elapsed time spent in this place.
 B = Non-inter-level travel time spent in this place.
 C = Inter-level travel time spent in this place.
 D = Time resting spent in this place.
 E = Time spent auto-exploring this place.
 F = Levels seen in this place.
 G = Mean time per level.
                   A        B        C        D        E       F      G
               +--------+--------+--------+--------+--------+-----+--------+
         Total |   2367 |   2314 |     53 |      0 |   1924 |   5 |  473.4 |
       Dungeon |   2367 |   2314 |     53 |      0 |   1924 |   5 |  473.4 |
               +--------+--------+--------+--------+--------+-----+--------+

Top non-repeatable levels by time:
     D:1: 677 daAuts
     D:4: 607 daAuts
     D:3: 599 daAuts
     D:2: 422 daAuts
     D:6: 61 daAuts
